 Dungeon Crawl Stone Soup version 0.30-a0-959-g3818848631 (webtiles) character file.

Game seed: 11930295998908212966

745 Grim the Conjurer (level 7, -14/36 HPs)
             Began as a Deep Elf Conjurer on Mar 30, 2023.
             Killed from afar by an acid dragon (17 damage)
             ... with a splash of acid
             ... on level 5 of the Dungeon.
             The game lasted 00:13:51 (4486 turns).

Grim the Conjurer (Deep Elf Conjurer)               Turns: 4486, Time: 00:13:51

Health: -14/36     AC:  2    Str:  4    XL:     7   Next: 47%
Magic:  18/18      EV: 17    Int: 25    God:
Gold:   242        SH:  8    Dex: 13    Spells: 8/18 levels left

rFire   . . .      SeeInvis .    f - +0 spear
rCold   . . .      Faith    .    h - +0 buckler
rNeg    . . .      Spirit   .    a - +0 robe
rPois   .          Reflect  +    (no helmet)
rElec   .          Rampage  .    (no cloak)
rCorr   .                        (no gloves)
Will    .....                    (no boots)
Stlth   ++                       c - amulet of reflection
HPRegen 0.26/turn                l - +5 ring of evasion
MPRegen 0.16/turn                (no ring)

@: hasted, very quick
A: no striking features
a: no special abilities


You were on level 5 of the Dungeon.
You visited 1 branch of the dungeon, and saw 5 of its levels.
You also visited: Sewer.

You collected 458 gold pieces.
You spent 216 gold pieces at shops.

Inventory:

Hand Weapons
 f - a +0 spear (weapon)
Missiles
 x - 2 throwing nets
Armour
 a - a +0 robe (worn)
 h - a +0 buckler (worn)
Jewellery
 c - an amulet of reflection (around neck)
 l - a +5 ring of evasion (left hand)
Scrolls
 d - 3 scrolls of fear {unknown}
 e - 2 scrolls of teleportation {unknown}
 i - 2 scrolls of noise {unknown}
 k - 2 scrolls of fog {unknown}
 p - a scroll of vulnerability {unknown}
 r - a scroll of blinking {unknown}
 s - a scroll of acquirement {unknown}
 t - a scroll of poison {unknown}
 y - 2 scrolls of identify {unknown}
 z - 2 scrolls of immolation {unknown}
 A - a scroll of enchant weapon {unknown}
Potions
 b - a potion of magic
 g - 2 potions of mutation {unknown}
 j - a potion of brilliance {unknown}
 m - 2 potions of invisibility {unknown}
 n - a potion of might {unknown}
 o - a potion of attraction {unknown}
 q - a potion of curing
 v - 2 potions of ambrosia {unknown}
Miscellaneous
 w - a piece from Xom's chessboard (15/15)


   Skills:
 - Level 2.4 Dodging
 - Level 2.4 Stealth
 - Level 6.0 Spellcasting
 + Level 7.2 Conjurations
 - Level 3.0 Hexes
 + Level 2.9 Air Magic
 - Level 3.0 Poison Magic


You had 8 spell levels left.
You knew the following spells:

 Your Spells              Type           Power      Damage    Failure   Level
a - Magic Dart            Conj           100%       1d8       1%          1
b - Searing Ray           Conj           86%        2d7       1%          2
c - Fulminant Prism       Conj/Hex       16%        3d11      12%         4
d - Mephitic Cloud        Conj/Pois/Air  29%        N/A       4%          3

Your spell library contained the following spells:

 Spells                   Type           Power      Damage    Failure   Level
 Dazzling Flash           Conj/Hex       66%        N/A       3%          3
 Poisonous Vapours        Pois/Air       44%        N/A       4%          2
 Sting                    Tmut/Pois      60%        1d6       5%          1
 Stone Arrow              Conj/Erth      50%        3d10      7%          3
 Sandblast                Erth           14%        2d6       10%         1
 Summon Small Mammal      Summ           28%        N/A       10%         1
 Call Imp                 Summ           7%         N/A       16%         2
 Passwall                 Tmut/Erth      5%         N/A       16%         2
 Summon Guardian Golem    Hex/Summ       15%        N/A       16%         3
 Iskenderun's Mystic Bla  Conj/Tloc      25%        2d7       22%         4
 Olgreb's Toxic Radiance  Pois           22%        N/A       28%         4
 Call Canine Familiar     Summ           7%         N/A       30%         3
 Leda's Liquefaction      Hex/Erth       7%         N/A       47%         4
 Lee's Rapid Deconstruct  Erth           3%         3d5*      95%         5
 Statue Form              Tmut/Erth      4%         N/A       100%        6


Dungeon Overview and Level Annotations

Branches:
Dungeon (5/15)              Sewer (visited)
 Temple: D:4-7

Altars:
Elyvilon
Gozag
Nemelex Xobeh
Qazlal
Sif Muna
Zin
The Shining One

Shops:
D:3 *([:   D:4 :


Message History

a +0 whip; a +0 leather armour An iguana comes into view.
You reach to attack!
The helpless iguana fails to defend itself.
You hit the iguana.
The iguana is moderately wounded.
Casting: Magic Dart (safe; 1% risk of failure)
Confirm with . or Enter, or press ? or * to list all spells.
Aiming: Searing Ray (safe; 1% risk of failure)
Press: ? - help, Shift-Dir - straight line, f/p - iguana
Aim: an iguana (moderately wounded, 84% to hit)
The searing ray hits the iguana.
The iguana is heavily wounded. (Press . to maintain the ray.)
The iguana barely misses you.
The searing ray hits the iguana.
The iguana is almost dead.
The iguana completely misses you.
The searing ray hits the iguana.
You kill the iguana!
You see here an iguana corpse.
You see here an iguana corpse.
An acid dragon comes into view.
The acid dragon roars!
The acid dragon spits acid at you. The splash of acid hits you!!
Ouch! That really hurt!
* * * LOW HITPOINT WARNING * * *
Okay, then.
Casting: Searing Ray (safe; 1% risk of failure)
Confirm with . or Enter, or press ? or * to list all spells.
You can't see any susceptible monsters within range! (Use Z to cast anyway.)
Casting: Searing Ray (safe; 1% risk of failure)
Confirm with . or Enter, or press ? or * to list all spells.
Okay, then.
Okay, then.
You feel yourself speed up. The acid dragon spits acid at you.
The splash of acid hits you!
You die...

......#.##.# #.#
.....##.##.# #.#
#...###.##.###.#
##.## #........#
#.# ####.#####
#.# #.#
#.#######
#.......#
#######@####
##......†.#
####...##.##.#
+.......#.##.#
##....D.##.#
##..#####.#
#..#####.#
#........#
#.########


You could see an acid dragon (catching breath).

Vanquished Creatures
  A water moccasin (Sewer)
  A sky beast (D:4)
  An ogre (D:5)
  A phantom (D:4)
  A scorpion (D:4)
  A jelly (D:4)
  A hound (D:4)
  3 iguanas
  2 adders
  4 gnolls (D:4)
  2 worms (D:3)
  3 dart slugs
  7 orcs
  13 bats
  8 endoplasms
  10 giant cockroaches
  8 goblins
  12 hobgoblins
  7 jackals
  7 kobolds
  3 quokkas
  6 ball pythons
  3 frilled lizards
  9 rats
114 creatures vanquished.

Vanquished Creatures (others)
  2 plants (D:4)
2 creatures vanquished.

Grand Total: 116 creatures vanquished

Notes
Turn   | Place    | Note
-------+----------+-------------------------------------------
     0 | D:1      | Grim the Deep Elf Conjurer began the quest for the Orb.
     0 | D:1      | Reached XP level 1. HP: 10/10 MP: 6/6
   121 | D:1      | Reached XP level 2. HP: 15/15 MP: 0/8
   354 | D:1      | Learned a level 2 spell: Searing Ray
   783 | D:2      | Reached skill level 5 in Conjurations
   783 | D:2      | Reached XP level 3. HP: 19/19 MP: 7/10
  1522 | D:3      | Reached XP level 4. HP: 24/24 MP: 2/12
  1653 | D:3      | Found Vela's Antique Armour Boutique.
  1714 | D:3      | Found Lacissa's Antique Weapon Shoppe.
  1757 | D:3      | Found a stormy altar of Qazlal.
  1890 | D:3      | Found a shimmering blue altar of Sif Muna.
  2062 | D:3      | Reached skill level 5 in Spellcasting
  2159 | D:3      | Found Duaf's Book Boutique.
  2190 | D:3      | Learned a level 4 spell: Fulminant Prism
  2344 | D:3      | Found Xoefimn's General Store.
  2748 | D:4      | Reached skill level 1 in Hexes
  2760 | D:4      | Reached XP level 5. HP: 28/28 MP: 2/14
  2850 | D:4      | Noticed a sky beast
  2863 | D:4      | Killed a sky beast
  2864 | D:4      | Reached skill level 6 in Conjurations
  2922 | D:4      | Reached XP level 6. HP: 32/32 MP: 9/17
  2998 | D:4      | Found Wushrah's Book Shoppe.
  3000 | D:4      | Found a glowing drain.
  3012 | D:4      | Bought a book of Minor Magic for 216 gold pieces
  3016 | D:4      | Learned a level 3 spell: Mephitic Cloud
  3091 | Sewer    | Entered a sewer
  3161 | Sewer    | Noticed a water moccasin
  3174 | Sewer    | Killed a water moccasin
  3175 | Sewer    | Reached skill level 1 in Air Magic
  3175 | Sewer    | Reached skill level 1 in Poison Magic
  3357 | D:4      | Found a sparkling altar of Nemelex Xobeh.
  3357 | D:4      | Found an opulent altar of Gozag.
  3439 | D:4      | Reached XP level 7. HP: 36/36 MP: 11/18
  3840 | D:4      | Found a white marble altar of Elyvilon.
  3840 | D:4      | Found a glowing golden altar of the Shining One.
  3841 | D:4      | Found a glowing silver altar of Zin.
  4193 | D:5      | Entered Level 5 of the Dungeon
  4198 | D:5      | Reached skill level 7 in Conjurations
  4477 | D:5      | HP: 1/36 [acid dragon/splash of acid (35)]
  4486 | D:5      | Killed from afar by an acid dragon

Illustrated notes

Levels and vault maps discovered:
D:1:      matt_arrival_diagonals, layout_basic, minmay_misc_feat_alley,
          item_on_display_a
D:2:      layout_rooms
D:3:      layout_loops_ring, jmf_multi_god_temple, serial_shops, shop_statue,
          shop_coins, shop_fountains, nicolae_shop_overgrown_old_shop
D:4:      corexii_shack_village, layout_rooms, grunt_temple_overflow_opulence,
          good_gods_temple_1, portal_sewer_entry_f, serial_shops,
          nicolae_shop_trees
D:5:      layout_loops_corners, chequers_serial_rivers_small_b,
          nicolae_shop_sticking_my_neck_out

Skill      XL: |  1  2  3  4  5  6  7 |
---------------+----------------------+-----
Spellcasting   | 4 5 6 |  6.0
Conjurations   | 5 6 7 |  7.2
Hexes          | 1 3 |  3.0
Air Magic      | 2 |  2.9
Poison Magic   | 2 3 |  3.0
Dodging        | |  2.4
Stealth        | |  2.4

Action                     |  1- 3 |  4- 6 |  7- 9 || total
---------------------------+-------+-------+-------++-------
  Melee: Unarmed           |     6 |       |       ||     6
         Spear             |     4 |     3 |     8 ||    15
   Cast: Magic Dart        |    89 |    79 |    37 ||   205
         Searing Ray       |     1 |    11 |     8 ||    20
         Mephitic Cloud    |       |       |     1 ||     1
    Use: Potion            |       |       |     1 ||     1
   Stab: Sleeping          |     1 |       |     1 ||     2
 Armour: Robe              |     2 |     6 |       ||     8
  Dodge: Dodged            |    31 |    17 |     9 ||    57
  Block: Other             |    11 |       |       ||    11
         Buckler           |     4 |    11 |     5 ||    20

Table legend: (Time is in decaauts)
 A = Elapsed time spent in this place.
 B = Non-inter-level travel time spent in this place.
 C = Inter-level travel time spent in this place.
 D = Time resting spent in this place.
 E = Time spent auto-exploring this place.
 F = Levels seen in this place.
 G = Mean time per level.
                   A        B        C        D        E       F      G
               +--------+--------+--------+--------+--------+-----+--------+
         Total |   4491 |   4371 |    120 |   1205 |   2461 |   6 |  748.5 |
       Dungeon |   4281 |   4161 |    120 |   1131 |   2377 |   5 |  856.2 |
         Sewer |    209 |    209 |      0 |     74 |     84 |   1 |  209.0 |
               +--------+--------+--------+--------+--------+-----+--------+

Top non-repeatable levels by time:
     D:4: 1304 daAuts
     D:3: 1201 daAuts
     D:1: 776 daAuts
     D:2: 707 daAuts
     D:5: 291 daAuts
   Sewer: 209 daAuts
